 Dungeon Crawl Stone Soup version 0.21.1-1-g345015f (webtiles) character file.

200 sking99 the Sneak (level 5, 0/34 HPs)
             Began as an Octopode Assassin on June 22, 2018.
             Slain by a gnoll
             ... wielding a +0 spear
              (12 damage)
             ... on level 3 of the Dungeon.
             The game lasted 00:06:44 (1543 turns).

sking99 the Sneak (Octopode Assassin)               Turns: 1543, Time: 00:06:45

Health: 0/34       AC:  1    Str: 11    XL:     5   Next: 79%
Magic:  5/5        EV: 14    Int: 13    God:
Gold:   91         SH:  0    Dex: 14    Spells: 4/4 levels left

rFire    . . .     SeeInvis .   a - +2 dagger
rCold    . . .     Gourm    .   (no shield)
rNeg     . . .     Faith    .   (helmet restricted)
rPois    .         Spirit   .   (no amulet)
rElec    .         Reflect  .   (no ring)
rCorr    .         Harm     .   (no ring)
MR       .....                  (no ring)
Stlth    +++++.....             (no ring)
HPRegen  0.11/turn              (no ring)
MPRegen  0.09/turn              (no ring)
                                (no ring)
                                (no ring)

@: no status effects
A: almost no armour, stealthy swim, amphibious, 8 rings, constrict 8, camouflage
1, gelatinous body 1
a: no special abilities


You were on level 3 of the Dungeon.
You were not hungry.

You visited 1 branch of the dungeon, and saw 3 of its levels.

You collected 91 gold pieces.

Inventory:

Hand Weapons
 a - a +2 dagger (weapon)
 b - a +0 blowgun
 p - a +2 short sword of flaming
 x - a +0 dagger of speed
Missiles
 c - 18 poisoned needles (quivered)
 d - 2 curare-tipped needles
Jewellery
 r - an uncursed ring of magical power {unknown}
 s - an uncursed ring of protection from cold {unknown}
 t - an uncursed amulet of regeneration {unknown}
 u - an uncursed ring of positive energy {unknown}
Wands
 w - a wand of polymorph (19)
Scrolls
 e - a scroll of enchant weapon {unknown}
 h - 4 scrolls of remove curse {unknown}
 l - 2 scrolls of identify {unknown}
 m - 2 scrolls of teleportation {unknown}
 n - a scroll of noise {unknown}
 o - a scroll of fear {unknown}
Potions
 i - 2 potions of berserk rage {unknown}
 j - a potion of cancellation {unknown}
 k - 2 potions of brilliance {unknown}
 q - a potion of haste {unknown}
 v - 2 potions of curing {unknown}
Comestibles
 f - 5 rations
 g - 5 chunks of flesh


   Skills:
 - Level 2.0 Fighting
 - Level 2.0 Short Blades
 + Level 3.2 Throwing
 + Level 2.7 Dodging
 * Level 7.8 Stealth


You had 4 spell levels left.
You didn't know any spells.

Dungeon Overview and Level Annotations

Branches:
Dungeon (3/15)

Altars:
Hepliaklqana
Kikubaaqudgha
Makhleb


Innate Abilities, Weirdness & Mutations

You cannot wear most types of armour.
You are very stealthy in the water. (Stealth+)
You are amphibious.
You can wear up to eight rings at the same time.
You can use your tentacles to constrict eight enemies at once.
Your skin changes colour to match your surroundings (Stealth+).
Your rubbery body absorbs attacks. (AC +1, EV +1)


Message History

Things that are here:
a whip; a gnoll corpse You barely miss the gnoll.
Your grab misses the gnoll. The gnoll hits you with a whip of pain.
You hit the gnoll but do no damage. You grab the gnoll.
You constrict the gnoll. The gnoll hits you.
You hit the gnoll.
The gnoll is moderately wounded.
You constrict the gnoll.
The gnoll hits you from afar with a spear!
You hit the gnoll. You squeeze the gnoll.
The gnoll is almost dead.
You constrict the gnoll.
You kill the gnoll!
The gnoll closely misses you.
You hit the gnoll. You grab the gnoll.
The gnoll is moderately wounded.
You constrict the gnoll. The gnoll barely misses you.
The gnoll hits you from afar with a spear!
You die...

###########
#.........####
#.###........# #.#
#.###.##@#
###.###.###.##g#
.......#.....g.#
###.###.###.##.#######
#.# #.# #.##........
#####.###.###^##.#######
#..<..........##)#
#.####.##.######......$#
#.# #.##.# #######.#


You could see 2 gnolls.

Vanquished Creatures
  A centaur zombie (D:3)
  A hound (D:2)
  Jessica (D:2)
  2 gnolls (D:3)
  4 adders
  An ooze (D:1)
  A worm (D:3)
  2 dart slugs (D:1)
  A leopard gecko (D:1)
  2 orcs (D:3)
  2 giant cockroaches (D:2)
  4 goblins
  3 hobgoblins
  8 kobolds
  A quokka (D:2)
  A ball python (D:2)
  10 bats
  3 frilled lizards
  3 rats (D:1)
51 creatures vanquished.

Notes
Turn   | Place    | Note
-------+----------+-------------------------------------------
     0 | D:1      | sking99 the Octopode Assassin began the quest for the Orb.
     0 | D:1      | Reached XP level 1. HP: 14/14 MP: 1/1
   108 | D:1      | Reached XP level 2. HP: 19/19 MP: 2/2
   257 | D:1      | Reached skill level 6 in Stealth
   371 | D:1      | Reached XP level 3. HP: 20/24 MP: 3/3
   528 | D:2      | Noticed Jessica
   532 | D:2      | Killed Jessica
   584 | D:2      | Reached XP level 4. HP: 29/29 MP: 4/4
   914 | D:2      | Found a burning altar of Makhleb.
   919 | D:2      | Reached skill level 7 in Stealth
  1044 | D:2      | Reached XP level 5. HP: 32/34 MP: 5/5
  1342 | D:3      | Found a hazy altar of Hepliaklqana.
  1356 | D:3      | Found an ancient bone altar of Kikubaaqudgha.
  1543 | D:3      | Slain by a gnoll

Skill      XL: |  1  2  3  4  5 |
---------------+----------------+-----
Stealth        | 6 7 |  7.8
Dodging        | 2 |  2.7
Throwing       | 3 |  3.2
Fighting       | |  2.0
Short Blades   | |  2.0

Action                   |  1- 3 |  4- 6 || total
-------------------------+-------+-------++-------
Melee: Dagger            |    37 |    62 ||    99
       Constrict         |     5 |    12 ||    17
       Tentacles         |     3 |     8 ||    11
 Fire: Blowgun           |       |    10 ||    10
 Stab: Sleeping          |    13 |    14 ||    27
  Eat: Chunk             |       |     2 ||     2
Armor: Skin              |     3 |     1 ||     4
Dodge: Dodged            |    14 |    41 ||    55
